AoeStats
← theclaydude

Migration

509286132Analyzed
1v1 RM · 6d ago on Sep 26, 2026· 26m 39s· 2 players
Game mode
Random Map
Map size
132×132
Population
200
Speed
Normal
Resources
Standard
Victory
Conquest
Starting age
Dark Age
Ending age
Imperial Age
RankedLock teamsTeams togetherTeam positionsShared explorationLock speedFull tech treeHidden civsTurbo modeCheats
Victory
Defeat
🇺🇸 Vikings · United States
970
+15
🇨🇿 Italians · Czechia
949
-15
kamos61
2:03 Loom
12:16 Feudal Age
15:10 Wheelbarrow
19:31 Castle Age
17:30 Double-Bit Axe
18:50 Fletching
20:25 Medium Warships
20:59 Hand Cart
21:12 Bodkin Arrow
22:55 Horse Collar
23:28 Bow Saw
23:39 Demolition Ship
theclaydude
8:31 Loom
10:47 Feudal Age
11:40 Double-Bit Axe
15:16 Fletching
20:46 Castle Age
19:30 Horse Collar
22:35 Medium Warships
22:06 Fishing Lines
25:09 Bow Saw
25:03 Heavy Plow
25:08 Gillnets
25:53 Bodkin Arrow
Connection lost

Rejoining the realm…

Still unreachable

The connection could not be restored.

Session expired

The server has moved on; the page needs a fresh start.